 Dungeon Crawl Stone Soup version 0.29.0-4-gdea44cf6ec (webtiles) character file.

Game seed: 6650768106159436594

8243 qw the Severer (level 11, -1/145 HPs)
             Began as a Minotaur Berserker on Sept 4, 2022.
             Was an Elder of Trog.
             Slain by a yak (4 damage)
             ... on level 10 of the Dungeon.
             The game lasted 00:03:38 (11955 turns).

qw the Severer (Minotaur Berserker)                Turns: 11955, Time: 00:03:39

Health: -1/145     AC: 13    Str: 25    XL:     11   Next: 7%
Magic:  8/8        EV: 12    Int:  4    God:    Trog [****..]
Gold:   125        SH:  0    Dex: 21    Spells: 10/10 levels left

rFire   + . .      SeeInvis .   Y - +1 war axe
rCold   + . .      Faith    .   (no shield)
rNeg    . . .      Spirit   .   d - +3 chain mail {rC+}
rPois   .          Reflect  .   (helmet restricted)
rElec   .          Harm     .   (no cloak)
rCorr   .          Rampage  .   (no gloves)
Will    .....                   (no boots)
Stlth   ..........              (no amulet)
HPRegen 0.34/turn               k - ring of protection from fire
MPRegen 0.11/turn               f - +6 ring of dexterity

@: berserking, slowed
A: horns 2, retaliatory headbutt, thin skeletal structure 2, low MP 1
a: Renounce Religion, Berserk, Trog's Hand, Brothers in Arms


You were on level 10 of the Dungeon.
You worshipped Trog.
Trog was greatly pleased with you.
You visited 1 branch of the dungeon, and saw 10 of its levels.

You collected 562 gold pieces.
You spent 437 gold pieces at shops.


Innate Abilities, Weirdness & Mutations

You have a pair of horns on your head.
You reflexively headbutt those who attack you in melee.
You have a moderately thin skeletal structure. (Dex +4, Stealth++)
Your magical capacity is low. (-10% MP)


   Skills:
 + Level 9.2 Fighting
 - Level 16.1 Axes
 - Level 3.0 Throwing
 - Level 6.1 Armour
 - Level 6.6 Dodging


You had 10 spell levels left.
You didn't know any spells.
Your spell library was empty.

Inventory:

Hand Weapons
 c - a +0 morningstar
 Y - a +1 war axe (weapon)
Missiles
 h - a boomerang (quivered)
Armour
 d - a +3 chain mail of cold resistance (worn)
 q - a +0 plate armour
Jewellery
 f - a +6 ring of dexterity (right hand)
 j - a ring of protection from fire
 k - a ring of protection from fire (left hand)
Scrolls
 a - a scroll of identify
 e - a scroll of teleportation
 l - 3 scrolls of enchant armour
Potions
 b - 3 potions of resistance
 g - 6 potions of curing
 i - 4 potions of mutation
 m - 2 potions of haste
 n - a potion of cancellation
 p - a potion of might {unknown}

Dungeon Overview and Level Annotations

Branches:
Dungeon (10/15)            Temple (0/1) D:7             Orc (0/2) D:10
   Lair: D:8-11

Altars:
Ashenzari
Dithmenos
Fedhas
Gozag
Kikubaaqudgha
Nemelex Xobeh
Okawaru
Qazlal
Trog
Zin

Shops:
D:1 ?   D:8 !   D:9 =

Annotations:
D:10 1 runed translucent door, Josephine; qw's ghost, journeyman FoCA


Message History

You feel as though you will be slow longer.
The yak closely misses you. Josephine hits you with a +0 dagger!
The wraith hits you. The wraith drains your vigour!
You feel as though you will be slow longer.
The wraith barely misses you.
You slash the wraith!
You destroy the wraith!
Trog accepts your kill.
You hit the wraith. You hit the yak. You barely miss the yak.
You slash the yak! You slice the yak!! You slash the wraith!
You barely miss Josephine.
Your Armour skill increases to level 6!
You hit the yak. Your headbutt misses the yak.
The yak is almost dead.
You barely miss the yak. You hit the yak. You barely miss the yak.
You slash the wraith! You slash Josephine! You slash the wraith!
The wraith hits you. The wraith drains your vigour!
You feel as though you will be slow longer.
The yak closely misses you. The yak gores you.
The yak gores you but does no damage. The yak gores you.
Josephine hits you but does no damage. The wraith hits you.
The wraith drains your vigour!
You feel as though you will be slow longer.
You slash the yak!
You kill the yak!
Trog accepts your kill.
You slash the wraith! You slash the yak! You hit the yak.
You closely miss the yak. You slash the yak! You closely miss the wraith.
You slash Josephine! The wraith closely misses you. The yak gores you.
The yak gores you! The yak gores you but does no damage.
Josephine hits you with a +0 dagger. The wraith hits you.
The wraith drains your vigour!
You feel as though you will be slow longer.
The yak barely misses you.
You hit the wraith. You headbutt the wraith.
You destroy the wraith!
Trog accepts your kill.
You hit Josephine. You hit the yak but do no damage. You slash the yak! x3
You barely miss the wraith. The wraith hits you. The yak gores you.
You die...

....#...# .........#....#..#..#..
#...#...#..........#....#..#..###
#.......#..........+.......#.....
#)..)...#..........######..#.....
#.)))...#..........# ## #####
#####...#....).....# #
#...#...#..........# . #
#...#...#....[.%.Y.#.... #
#...#...#......W@Y......# #
....#...#.>....@YY......#
....#...#...............#
....#...#...............#
#...#####..........#....#
#####...#..(.......#....#
#.......#..........#....#
........#..........# .. ........#


You could see Josephine, 4 yaks and a wraith.

Vanquished Creatures
  2 two-headed ogres
  4 wraiths (D:10)
  A wyvern (D:8)
  17 yaks
  A steam dragon (D:8)
  A water moccasin (D:7)
  A black bear (D:5)
  3 orc warriors
  A sky beast (D:6)
  An ice beast (D:6)
  2 ogres (D:5)
  3 centaurs
  A phantom (D:6)
  2 kobold brigands
  A gnoll sergeant (D:9)
  4 scorpions
  9 wights
  9 killer bees (D:9)
  2 howler monkeys
  4 hounds
  3 jellies (D:5)
  9 orc priests
  2 gnoll boudas
  2 iguanas
  14 orc wizards
  Natasha (twice) (D:2)
  Robin (D:4)
  19 gnolls
  8 adders
  7 white imps
  3 ufetubi (D:6)
  A worm (D:2)
  4 dart slugs
  40 orcs
  3 bats
  7 endoplasms
  3 giant cockroaches
  11 goblins
  9 hobgoblins
  5 jackals
  5 quokkas
  7 ball pythons
  2 frilled lizards
  13 kobolds
  7 rats
256 creatures vanquished.

Vanquished Creatures (others)
  A kobold (D:8)
  2 demonic plants (D:6)
3 creatures vanquished.

Grand Total: 259 creatures vanquished

Notes
Turn   | Place    | Note
-------+----------+-------------------------------------------
     0 | D:1      | qw the Minotaur Berserker began the quest for the Orb.
     0 | D:1      | Reached XP level 1. HP: 19/19 MP: 0/0
     0 | D:1      | 0 ||| qw: Version: 0.1-a-103-gd6f5d3a
     0 | D:1      | 0 ||| qw: Game counter: 5663
     0 | D:1      | 0 ||| qw: Always use a shield: true
     0 | D:1      | 0 ||| qw: Do Orc after D:15 true
     0 | D:1      | 0 ||| qw: Do second Lair branch before Depths: true
     0 | D:1      | 0 ||| qw: Lair rune preference: random
     0 | D:1      | 0 ||| qw: Plans: Normal
     0 | D:1      | 0 ||| PLANNING D:1-11
   173 | D:1      | Reached skill level 4 in Axes
   298 | D:1      | 298 ||| Stepping ~*~*~tactically~*~*~ (hiding).
   301 | D:1      | 301 ||| Stepping ~*~*~tactically~*~*~ (hiding).
   308 | D:1      | Reached XP level 2. HP: 21/26 MP: 1/1
   378 | D:1      | 378 ||| Stepping ~*~*~tactically~*~*~ (hiding).
   480 | D:1      | 480 ||| Stepping ~*~*~tactically~*~*~ (hiding).
   633 | D:1      | 633 ||| Stepping ~*~*~tactically~*~*~ (stealth).
   644 | D:1      | 644 ||| Stepping ~*~*~tactically~*~*~ (stealth).
   645 | D:1      | 645 ||| Stepping ~*~*~tactically~*~*~ (stealth).
   657 | D:1      | 657 ||| Stepping ~*~*~tactically~*~*~ (stealth).
   658 | D:1      | 658 ||| Stepping ~*~*~tactically~*~*~ (stealth).
   660 | D:1      | 660 ||| Stepping ~*~*~tactically~*~*~ (stealth).
   802 | D:1      | Reached skill level 5 in Axes
   930 | D:1      | Reached ** piety under Trog
   931 | D:1      | Reached XP level 3. HP: 31/31 MP: 2/2
  1026 | D:1      | Found a faded altar of an unknown god.
  1037 | D:1      | Found Xoiceq's Magic Scroll Shoppe.
  1168 | D:1      | 1168 ||| SHOPLISTING 2 scrolls of identify (44 gold, have
                  | 27).
  1168 | D:1      | 1168 ||| SHOPLISTING scroll of enchant weapon (82 gold,
                  | have 27).
  1168 | D:1      | 1168 ||| SHOPLISTING scroll of teleportation (33 gold, have
                  | 27).
  1467 | D:1      | 1467 ||| UPGRADING to +0 leather armour.
  1477 | D:1      | 1477 ||| DROPPING +0 animal skin.
  1478 | D:1      | 1478 ||| UPGRADING to +6 ring of intelligence.
  1479 | D:1      | 1479 ||| READING 2 scrolls labelled BIDAZOADES.
  1480 | D:1      | 1480 ||| READING scroll labelled NYIGGY TUWA.
  1481 | D:1      | 1481 ||| READING scroll labelled ADYLIG KIQIL.
  1482 | D:1      | 1482 ||| READING scroll labelled LORATI ITOINUS.
  1485 | D:1      | 1485 ||| READING scroll labelled RANUNNOMIE.
  1486 | D:1      | 1486 ||| READING scroll labelled LUIXKIHYVI.
  1547 | D:2      | 1547 ||| Stepping ~*~*~tactically~*~*~ (stealth).
  1579 | D:2      | 1579 ||| FLEEEEING.
  1580 | D:2      | 1580 ||| FLEEEEING.
  1581 | D:2      | 1581 ||| FLEEEEING.
  1737 | D:2      | 1737 ||| FLEEEEING.
  1871 | D:2      | 1871 ||| INVOKING Berserk.
  2423 | D:2      | Reached skill level 6 in Axes
  2423 | D:2      | Reached XP level 4. HP: 39/39 MP: 3/3
  2521 | D:2      | Noticed Natasha
  2524 | D:2      | 2524 ||| INVOKING Berserk.
  2528 | D:2      | Killed Natasha
  2732 | D:2      | Noticed Natasha
  2733 | D:2      | 2733 ||| Stepping ~*~*~tactically~*~*~ (hiding).
  2737 | D:2      | 2737 ||| INVOKING Berserk.
  2739 | D:2      | Killed Natasha
  3019 | D:2      | 3019 ||| UPGRADING to +0 ring mail.
  3029 | D:2      | 3029 ||| DROPPING +0 leather armour.
  3030 | D:2      | 3030 ||| READING scroll labelled ELI ODDACVUEMI.
  3031 | D:2      | 3031 ||| READING scroll labelled CEQE GOCIGGAUT.
  3032 | D:2      | 3032 ||| DRINKING 2 yellow potions.
  3033 | D:2      | 3033 ||| DRINKING 2 brown potions.
  3033 | D:2      | Gained mutation: You have a somewhat thin skeletal
                  | structure. (Dex +2, Stealth+) [potion of mutation]
  3033 | D:2      | Gained mutation: You are occasionally teleported next to
                  | monsters. [potion of mutation]
  3033 | D:2      | Gained mutation: You are robust. (+10% HP) [potion of
                  | mutation]
  3054 | D:2      | 3054 ||| DRINKING potion of mutation.
  3054 | D:2      | Lost mutation: You are robust. (+10% HP) [potion of
                  | mutation]
  3054 | D:2      | Lost mutation: You are occasionally teleported next to
                  | monsters. [potion of mutation]
  3054 | D:2      | Gained mutation: You have a moderately thin skeletal
                  | structure. (Dex +4, Stealth++) [potion of mutation]
  3054 | D:2      | Gained mutation: Your magical capacity is low. (-10% MP)
                  | [potion of mutation]
  3055 | D:2      | 3055 ||| DRINKING 2 bubbling silvery potions.
  3143 | D:3      | 3143 ||| FLEEEEING.
  3145 | D:3      | 3145 ||| FLEEEEING.
  3146 | D:3      | 3146 ||| FLEEEEING.
  3148 | D:3      | 3148 ||| FLEEEEING.
  3149 | D:3      | 3149 ||| FLEEEEING.
  3150 | D:3      | 3150 ||| FLEEEEING.
  3151 | D:3      | 3151 ||| FLEEEEING.
  3152 | D:3      | 3152 ||| FLEEEEING.
  3153 | D:3      | 3153 ||| FLEEEEING.
  3154 | D:3      | 3154 ||| FLEEEEING.
  3155 | D:3      | 3155 ||| FLEEEEING.
  3156 | D:3      | 3156 ||| FLEEEEING.
  3157 | D:3      | 3157 ||| FLEEEEING.
  3158 | D:3      | 3158 ||| FLEEEEING.
  3159 | D:3      | 3159 ||| FLEEEEING.
  3160 | D:3      | 3160 ||| FLEEEEING.
  3167 | D:3      | 3167 ||| STAIRDANCE
  3208 | D:2      | 3208 ||| DRINKING 2 fizzy coppery potions.
  3209 | D:2      | 3209 ||| DROPPING potion of flight.
  3270 | D:3      | Reached skill level 7 in Axes
  3270 | D:3      | Reached XP level 5. HP: 45/45 MP: 3/3
  3295 | D:3      | 3295 ||| Stepping ~*~*~tactically~*~*~ (stealth).
  3297 | D:3      | 3297 ||| Stepping ~*~*~tactically~*~*~ (stealth).
  3298 | D:3      | 3298 ||| Stepping ~*~*~tactically~*~*~ (stealth).
  3304 | D:3      | 3304 ||| Stepping ~*~*~tactically~*~*~ (hiding).
  3307 | D:3      | 3307 ||| Stepping ~*~*~tactically~*~*~ (stealth).
  3316 | D:3      | 3316 ||| DROPPING +0 club.
  3322 | D:3      | 3322 ||| Stepping ~*~*~tactically~*~*~ (stealth).
  3339 | D:3      | 3339 ||| Stepping ~*~*~tactically~*~*~ (hiding).
  3343 | D:3      | 3343 ||| Stepping ~*~*~tactically~*~*~ (hiding).
  3346 | D:3      | 3346 ||| INVOKING Berserk.
  3862 | D:3      | Found a blossoming altar of Fedhas.
  3943 | D:3      | 3943 ||| Stepping ~*~*~tactically~*~*~ (stealth).
  3945 | D:3      | 3945 ||| Stepping ~*~*~tactically~*~*~ (stealth).
  3948 | D:3      | Found a shadowy altar of Dithmenos.
  4007 | D:3      | 4007 ||| UPGRADING to +3 chain mail of cold resistance.
  4017 | D:3      | 4017 ||| DROPPING +0 ring mail.
  4018 | D:3      | 4018 ||| UPGRADING to +6 ring of dexterity.
  4019 | D:3      | 4019 ||| READING scroll labelled QEWOTS RIWU.
  4020 | D:3      | 4020 ||| READING scroll labelled ORECVANL JIORR.
  4306 | D:4      | 4306 ||| Stepping ~*~*~tactically~*~*~ (stealth).
  4310 | D:4      | Noticed Robin
  4311 | D:4      | 4311 ||| Stepping ~*~*~tactically~*~*~ (hiding).
  4320 | D:4      | Reached skill level 1 in Throwing
  4324 | D:4      | 4324 ||| INVOKING Berserk.
  4330 | D:4      | Killed Robin
  4338 | D:4      | Reached *** piety under Trog
  4339 | D:4      | Reached XP level 6. HP: 50/53 MP: 4/4
  4357 | D:4      | 4357 ||| DRINKING potion of curing.
  4357 | D:4      | 4357 ||| (to cure confusion)
  4444 | D:4      | 4444 ||| DROPPING +0 whip.
  4451 | D:4      | 4451 ||| DROPPING +1 whip of draining.
  4609 | D:4      | Reached skill level 8 in Axes
  4850 | D:4      | 4850 ||| UPGRADING to ring of protection from fire.
  4852 | D:4      | 4852 ||| DROPPING +6 ring of intelligence.
  4853 | D:4      | 4853 ||| DRINKING 4 white potions.
  4869 | D:5      | Entered Level 5 of the Dungeon
  4942 | D:5      | 4942 ||| INVOKING Berserk.
  4945 | D:5      | Reached skill level 9 in Axes
  4957 | D:5      | 4957 ||| Stepping ~*~*~tactically~*~*~ (hiding).
  5066 | D:5      | 5066 ||| READING scroll of teleportation.
  5085 | D:5      | 5085 ||| INVOKING Berserk.
  5087 | D:5      | Reached XP level 7. HP: 60/60 MP: 5/5
  5274 | D:5      | 5274 ||| INVOKING Berserk.
  5413 | D:5      | 5413 ||| Stepping ~*~*~tactically~*~*~ (stealth).
  5479 | D:5      | Reached skill level 3 in Armour
  5693 | D:5      | 5693 ||| INVOKING Berserk.
  5905 | D:5      | 5905 ||| Stepping ~*~*~tactically~*~*~ (hiding).
  5906 | D:5      | 5906 ||| Stepping ~*~*~tactically~*~*~ (hiding).
  5912 | D:5      | 5912 ||| INVOKING Berserk.
  5920 | D:5      | Reached skill level 10 in Axes
  5946 | D:5      | 5946 ||| FLEEEEING.
  5947 | D:5      | 5947 ||| FLEEEEING.
  5948 | D:5      | 5948 ||| FLEEEEING.
  5953 | D:5      | 5953 ||| FLEEEEING.
  5954 | D:5      | 5954 ||| FLEEEEING.
  5955 | D:5      | 5955 ||| FLEEEEING.
  6194 | D:5      | 6194 ||| READING scroll labelled SEPROGGAFIE.
  6195 | D:5      | 6195 ||| READING scroll labelled GADOSO MIURPHUO.
  6196 | D:5      | 6196 ||| READING 2 scrolls of identify.
  6196 | D:5      | 6196 ||| IDENTIFYING lumpy puce potion
  6197 | D:5      | 6197 ||| DROPPING potion of brilliance.
  6254 | D:6      | Reached skill level 3 in Dodging
  6254 | D:6      | Reached XP level 8. HP: 61/69 MP: 6/6
  6261 | D:6      | Reached skill level 6 in Fighting
  6329 | D:6      | 6329 ||| Stepping ~*~*~tactically~*~*~ (hiding).
  6344 | D:6      | 6344 ||| FLEEEEING.
  6363 | D:6      | 6363 ||| INVOKING Berserk.
  6365 | D:6      | Reached skill level 11 in Axes
  6367 | D:6      | HP: 21/105 [orc/+0 war axe (6)]
  6379 | D:6      | HP: 17/105 [white imp/puff of frost (1)]
  6384 | D:6      | HP: 8/105 [white imp/puff of frost (3)]
  6389 | D:6      | 6389 ||| DRINKING potion of heal wounds.
  6391 | D:6      | Reached **** piety under Trog
  6694 | D:6      | 6694 ||| SWAPPING to +0 war axe.
  6695 | D:6      | 6695 ||| DROPPING +1 hand axe.
  7090 | D:6      | 7090 ||| READING scroll labelled EBLAOL RORCHIY.
  7091 | D:6      | 7091 ||| DRINKING 2 silvery potions.
  7092 | D:6      | 7092 ||| READING 2 scrolls of identify.
  7092 | D:6      | 7092 ||| IDENTIFYING lumpy emerald potion
  7093 | D:6      | 7093 ||| DROPPING potion of magic.
  7130 | D:7      | 7130 ||| Stepping ~*~*~tactically~*~*~ (hiding).
  7131 | D:7      | 7131 ||| Stepping ~*~*~tactically~*~*~ (hiding).
  7136 | D:7      | 7136 ||| Stepping ~*~*~tactically~*~*~ (hiding).
  7137 | D:7      | 7137 ||| Stepping ~*~*~tactically~*~*~ (hiding).
  7143 | D:7      | 7143 ||| INVOKING Berserk.
  7355 | D:7      | Found an opulent altar of Gozag.
  7404 | D:7      | 7404 ||| Stepping ~*~*~tactically~*~*~ (stealth).
  7406 | D:7      | 7406 ||| Stepping ~*~*~tactically~*~*~ (stealth).
  7413 | D:7      | 7413 ||| Stepping ~*~*~tactically~*~*~ (stealth).
  7420 | D:7      | Reached skill level 12 in Axes
  7534 | D:7      | 7534 ||| Stepping ~*~*~tactically~*~*~ (hiding).
  7537 | D:7      | 7537 ||| Stepping ~*~*~tactically~*~*~ (hiding).
  7540 | D:7      | 7540 ||| INVOKING Berserk.
  7550 | D:7      | Reached XP level 9. HP: 78/78 MP: 7/7
  7673 | D:7      | You fall into a shaft and drop 3 floors!
  7673 | D:10     | Entered Level 10 of the Dungeon
  7749 | D:9      | 7749 ||| INVOKING Berserk.
  8013 | D:9      | Found Kaamiesuwi's Jewellery Boutique.
  8034 | D:9      | Reached skill level 13 in Axes
  8117 | D:9      | 8117 ||| BUYING ring of protection from fire (250 gold).
  8117 | D:9      | Bought a ring of protection from fire for 250 gold pieces
  8117 | D:9      | 8117 ||| SHOPLISTING ring of resist corrosion (200 gold,
                  | have 150).
  8151 | D:8      | 8151 ||| INVOKING Berserk.
  8155 | D:8      | Reached skill level 3 in Throwing
  8242 | D:8      | 8242 ||| Stepping ~*~*~tactically~*~*~ (stealth).
  8270 | D:8      | Reached skill level 14 in Axes
  8271 | D:8      | 8271 ||| INVOKING Berserk.
  8480 | D:8      | Found Bougasch's Distillery.
  8505 | D:7      | Found a bloodstained altar of Trog.
  8507 | D:7      | Found a stormy altar of Qazlal.
  8531 | D:7      | Found a staircase to the Ecumenical Temple.
  8550 | D:7      | 8550 ||| Stepping ~*~*~tactically~*~*~ (stealth).
  8559 | D:7      | 8559 ||| FLEEEEING.
  8560 | D:7      | 8560 ||| FLEEEEING.
  8562 | D:7      | 8562 ||| FLEEEEING.
  8566 | D:7      | 8566 ||| FLEEEEING.
  8567 | D:7      | 8567 ||| FLEEEEING.
  8568 | D:7      | 8568 ||| FLEEEEING.
  8715 | D:7      | Reached XP level 10. HP: 89/89 MP: 8/8
  8840 | D:7      | 8840 ||| Stepping ~*~*~tactically~*~*~ (hiding).
  8841 | D:7      | 8841 ||| Stepping ~*~*~tactically~*~*~ (hiding).
  8842 | D:7      | 8842 ||| Stepping ~*~*~tactically~*~*~ (hiding).
  8845 | D:7      | 8845 ||| Stepping ~*~*~tactically~*~*~ (hiding).
  9053 | D:7      | 9053 ||| Stepping ~*~*~tactically~*~*~ (stealth).
  9066 | D:7      | 9066 ||| Stepping ~*~*~tactically~*~*~ (stealth).
  9184 | D:7      | Found an iron altar of Okawaru.
  9282 | D:7      | 9282 ||| READING 2 scrolls of identify.
  9282 | D:7      | 9282 ||| IDENTIFYING smoky brown potion
  9283 | D:7      | 9283 ||| DROPPING potion of lignification.
  9329 | D:8      | 9329 ||| BUYING potion of cancellation (88 gold).
  9329 | D:8      | Bought a potion of cancellation for 88 gold pieces
  9329 | D:8      | 9329 ||| BUYING potion of curing (33 gold).
  9329 | D:8      | Bought a potion of curing for 33 gold pieces
  9329 | D:8      | 9329 ||| BUYING potion of curing (33 gold).
  9329 | D:8      | Bought a potion of curing for 33 gold pieces
  9329 | D:8      | 9329 ||| BUYING potion of curing (33 gold).
  9329 | D:8      | Bought a potion of curing for 33 gold pieces
  9329 | D:8      | 9329 ||| SHOPLISTING potion of heal wounds (55 gold, have
                  | 19).
  9329 | D:8      | 9329 ||| SHOPLISTING potion of might (44 gold, have 19).
  9346 | D:8      | 9346 ||| Stepping ~*~*~tactically~*~*~ (hiding).
  9424 | D:8      | 9424 ||| Stepping ~*~*~tactically~*~*~ (stealth).
  9425 | D:8      | 9425 ||| Stepping ~*~*~tactically~*~*~ (stealth).
  9446 | D:8      | 9446 ||| INVOKING Berserk.
  9481 | D:8      | 9481 ||| Stepping ~*~*~tactically~*~*~ (stealth).
  9483 | D:8      | 9483 ||| Stepping ~*~*~tactically~*~*~ (stealth).
  9536 | D:8      | 9536 ||| FLEEEEING.
  9537 | D:8      | 9537 ||| FLEEEEING.
  9538 | D:8      | 9538 ||| FLEEEEING.
  9539 | D:8      | 9539 ||| FLEEEEING.
  9540 | D:8      | 9540 ||| FLEEEEING.
  9541 | D:8      | 9541 ||| FLEEEEING.
  9542 | D:8      | 9542 ||| FLEEEEING.
  9543 | D:8      | 9543 ||| FLEEEEING.
  9544 | D:8      | 9544 ||| FLEEEEING.
  9545 | D:8      | 9545 ||| FLEEEEING.
  9546 | D:8      | 9546 ||| FLEEEEING.
  9547 | D:8      | 9547 ||| FLEEEEING.
  9548 | D:8      | 9548 ||| FLEEEEING.
  9549 | D:8      | 9549 ||| FLEEEEING.
  9550 | D:8      | 9550 ||| FLEEEEING.
  9551 | D:8      | 9551 ||| FLEEEEING.
  9552 | D:8      | 9552 ||| FLEEEEING.
  9553 | D:8      | 9553 ||| FLEEEEING.
  9554 | D:8      | 9554 ||| FLEEEEING.
  9555 | D:8      | 9555 ||| FLEEEEING.
  9556 | D:8      | 9556 ||| FLEEEEING.
  9557 | D:8      | 9557 ||| FLEEEEING.
  9558 | D:8      | 9558 ||| FLEEEEING.
  9559 | D:8      | 9559 ||| FLEEEEING.
  9560 | D:8      | 9560 ||| FLEEEEING.
  9561 | D:8      | 9561 ||| FLEEEEING.
  9562 | D:8      | 9562 ||| FLEEEEING.
  9563 | D:8      | 9563 ||| FLEEEEING.
  9564 | D:8      | 9564 ||| FLEEEEING.
  9565 | D:8      | 9565 ||| FLEEEEING.
  9566 | D:8      | 9566 ||| FLEEEEING.
  9567 | D:8      | 9567 ||| FLEEEEING.
  9568 | D:8      | 9568 ||| FLEEEEING.
  9569 | D:8      | 9569 ||| FLEEEEING.
  9570 | D:8      | 9570 ||| FLEEEEING.
  9571 | D:8      | 9571 ||| FLEEEEING.
  9572 | D:8      | 9572 ||| FLEEEEING.
  9573 | D:8      | 9573 ||| FLEEEEING.
  9574 | D:8      | 9574 ||| FLEEEEING.
  9575 | D:8      | 9575 ||| FLEEEEING.
  9576 | D:8      | 9576 ||| FLEEEEING.
  9577 | D:8      | 9577 ||| STAIRDANCE
  9643 | D:8      | Reached skill level 15 in Axes
  9643 | D:8      | 9643 ||| STAIRDANCE
  9926 | D:8      | 9926 ||| FLEEEEING.
  9927 | D:8      | 9927 ||| FLEEEEING.
  9928 | D:8      | 9928 ||| FLEEEEING.
  9929 | D:8      | 9929 ||| FLEEEEING.
  9930 | D:8      | 9930 ||| FLEEEEING.
  9935 | D:8      | 9935 ||| INVOKING Berserk.
 10077 | D:8      | 10077 ||| Stepping ~*~*~tactically~*~*~ (stealth).
 10079 | D:8      | 10079 ||| Stepping ~*~*~tactically~*~*~ (hiding).
 10157 | D:8      | Reached skill level 9 in Fighting
 10167 | D:8      | Found a glowing silver altar of Zin.
 10168 | D:8      | 10168 ||| Stepping ~*~*~tactically~*~*~ (hiding).
 10270 | D:8      | 10270 ||| Stepping ~*~*~tactically~*~*~ (hiding).
 10280 | D:8      | 10280 ||| DRINKING 6 potions of curing.
 10280 | D:8      | 10280 ||| (to cure confusion)
 10836 | D:9      | 10836 ||| Stepping ~*~*~tactically~*~*~ (stealth).
 10848 | D:9      | 10848 ||| Stepping ~*~*~tactically~*~*~ (hiding).
 10855 | D:9      | 10855 ||| INVOKING Berserk.
 11092 | D:9      | 11092 ||| READING scroll of enchant weapon.
 11092 | D:9      | 11092 ||| ENCHANTING +0 war axe.
 11135 | D:9      | Noticed a two-headed ogre
 11140 | D:9      | 11140 ||| INVOKING Berserk.
 11142 | D:9      | Killed a two-headed ogre
 11143 | D:9      | Reached skill level 16 in Axes
 11148 | D:9      | 11148 ||| Stepping ~*~*~tactically~*~*~ (stealth).
 11150 | D:9      | 11150 ||| Stepping ~*~*~tactically~*~*~ (stealth).
 11224 | D:9      | 11224 ||| Stepping ~*~*~tactically~*~*~ (hiding).
 11476 | D:9      | 11476 ||| READING 2 scrolls of identify.
 11476 | D:9      | 11476 ||| IDENTIFYING blue potion
 11477 | D:9      | 11477 ||| DROPPING potion of invisibility.
 11527 | D:10     | 11527 ||| Stepping ~*~*~tactically~*~*~ (hiding).
 11528 | D:10     | 11528 ||| Stepping ~*~*~tactically~*~*~ (hiding).
 11529 | D:10     | 11529 ||| Stepping ~*~*~tactically~*~*~ (hiding).
 11601 | D:10     | Found an ancient bone altar of Kikubaaqudgha.
 11615 | D:10     | Found a broken altar of Ashenzari.
 11615 | D:10     | Found a sparkling altar of Nemelex Xobeh.
 11737 | D:10     | Found a runed translucent door.
 11737 | D:10     | Noticed qw's ghost (journeyman FoCA)
 11821 | D:10     | Noticed a two-headed ogre
 11826 | D:10     | 11826 ||| INVOKING Berserk.
 11829 | D:10     | Killed a two-headed ogre
 11830 | D:10     | Reached skill level 6 in Dodging
 11830 | D:10     | Reached XP level 11. HP: 97/97 MP: 8/8
 11885 | D:10     | Found a staircase to the Orcish Mines.
 11940 | D:10     | Noticed Josephine
 11951 | D:10     | 11951 ||| INVOKING Berserk.
 11953 | D:10     | Reached skill level 6 in Armour
 11953 | D:10     | HP: 36/145 [yak (5)]
 11954 | D:10     | HP: 13/145 [yak (12)]
 11954 | D:10     | HP: 5/145 [wraith[Josephine] (2)]
 11955 | D:10     | Slain by a yak

Levels and vault maps discovered:
D:1:      giann_bridges, layout_loops_ring,
          shapermc_ecumenical_altar_starsandcircs, serial_shops, shop
D:2:      layout_basic, uniq_natasha
D:3:      layout_loops_ring, general_overflow_altar,
          nicolae_dithmenos_through_a_glass_darkly,
          chequers_serial_rivers_micro_c
D:4:      layout_basic, uniq_robin
D:5:      minmay_inner_zag, layout_basic, uniq_crazy_yiuf_cottage
D:6:      layout_basic, serial_demonic, serial_demonic_b, serial_demonic_f,
          serial_demonic_f, serial_demonic_a
D:7:      layout_basic, mainiacjoe_overflow_concentric_impassable,
          mainiacjoe_overflow_alcove_2, nicolae_qazlal_style_of_elements,
          nicolae_gozag_cash_rules_everything_around_me,
          minmay_temple_entry_slanted
D:8:      layout_loops_corners, mainiacjoe_overflow_paths, serial_shops,
          nicolae_stop_n_shop_2
D:9:      layout_basic, serial_shops, shop_fountains
D:10:     layout_grid_maze, gammafunk_temple_overflow_forgotten, orc_0_dummy,
          hellmonk_ghost_happy_afterlife, uniq_josephine

Skill      XL: |  1  2  3  4  5  6  7  8  9 10 11 |
---------------+----------------------------------+-----
Axes           | 4 5 6 7 9 10 12 14 16 | 16.1
Fighting       | 4 5 6 8 9 |  9.2
Throwing       | 1 3 |  3.0
Armour         | 3 4 5 6 |  6.1
Dodging        | 3 4 6 |  6.6

Action                   |  1- 3 |  4- 6 |  7- 9 | 10-12 || total
-------------------------+-------+-------+-------+-------++-------
Melee: Hand axe          |   114 |    96 |    95 |       ||   305
       Headbutt          |     9 |    22 |    50 |    32 ||   113
       Punch             |       |     1 |     1 |     1 ||     3
       War axe           |       |       |   107 |   137 ||   244
Throw: Javelin           |       |    15 |    26 |     9 ||    50
       Boomerang         |       |       |     6 |    20 ||    26
Invok: Berserk           |     1 |     6 |     9 |     6 ||    22
  Use: Scroll            |     6 |     5 |     5 |     3 ||    19
       Potion            |       |     7 |     2 |     1 ||    10
 Stab: Distracted        |       |     1 |       |       ||     1
Armor: Animal skin       |     8 |       |       |       ||     8
       Leather armour    |    10 |       |       |       ||    10
       Ring mail         |       |     8 |       |       ||     8
       Chain mail        |       |    26 |    99 |    74 ||   199
Dodge: Dodged            |    56 |    29 |    95 |    71 ||   251

Table legend:
 A = Non-vault XP
 B = Vault XP
 C = Vault XP percentage of total XP
 D = Non-vault monster count
 E = Vault monster count
 F = Vault count percentage of total count
                 A         B        C        D         E       F
            +---------+---------+-------+---------+---------+-------
      Total |   10870 |    1115 |   9.3 |     229 |      27 |  10.5
            +---------+---------+-------+---------+---------+-------
        D:1 |      56 |       0 |   0.0 |      29 |       0 |   0.0
        D:2 |      94 |      35 |  27.1 |      21 |       1 |   4.5
        D:3 |     130 |       0 |   0.0 |      21 |       0 |   0.0
        D:4 |     181 |      36 |  16.6 |      13 |      11 |  45.8
        D:5 |     620 |     169 |  21.4 |      18 |       4 |  18.2
        D:6 |     772 |      66 |   7.9 |      20 |       7 |  25.9
        D:7 |    1078 |       0 |   0.0 |      30 |       0 |   0.0
        D:8 |    3969 |       0 |   0.0 |      39 |       0 |   0.0
        D:9 |    2595 |       0 |   0.0 |      31 |       0 |   0.0
       D:10 |    1375 |     809 |  37.0 |       7 |       4 |  36.4
            +---------+---------+-------+---------+---------+-------
